 Dungeon Crawl Stone Soup version 0.28.0-43-g3370ac3207 (webtiles) character file.

Game seed: 2319815394185852705

560 terff the Chopper (level 7, -4/60 HPs)
             Began as a Hill Orc Fighter on Apr 1, 2022.
             Slain by a scorpion (5 damage)
             ... on level 5 of the Dungeon.
             The game lasted 00:05:44 (5115 turns).

terff the Chopper (Hill Orc Fighter)                Turns: 5115, Time: 00:05:45

Health: -4/60      AC:  9    Str: 17    XL:     7   Next: 31%
Magic:  7/7        EV:  7    Int: 10    God:
Gold:   172        SH:  6    Dex: 15    Spells: 6/6 levels left

rFire   . . .      SeeInvis +   a - +0 war axe
rCold   . . .      Faith    .   c - +1 buckler
rNeg    . . .      Spirit   .   u - +0 chain mail of Inevitability {rPois rCorr Int+2 Dex-3}
rPois   +          Reflect  .   (no helmet)
rElec   .          Harm     .   (no cloak)
rCorr   +          Rampage  .   (no gloves)
Will    .....                   (no boots)
Stlth   ..........              (no amulet)
HPRegen 0.20/turn               g - +6 ring of dexterity
MPRegen 0.10/turn               k - ring of wizardry

@: lethally poisoned (-4 -> -5)
A: see invisible, weak 1, MP-powered wands
a: no special abilities


You were on level 5 of the Dungeon.
You visited 2 branches of the dungeon, and saw 6 of its levels.

You collected 172 gold pieces.

Inventory:

Hand Weapons
 a - a +0 war axe (weapon)
Armour
 b - a +0 scale mail
 c - a +1 buckler (worn)
 o - the +2 robe of a Gauntlet {+Blink rF+ Regen+ Dex-5}
   (You found it on level 4 of the Dungeon)

   Dex:       It affects your dexterity (-5).
   rF:        It protects you from fire.
   +Blink:    It lets you blink.
   Regen:     It increases your rate of health regeneration.
 u - the +0 chain mail of Inevitability (worn) {rPois rCorr Int+2 Dex-3}
   (You found it on level 5 of the Dungeon)

   Int:       It affects your intelligence (+2).
   Dex:       It affects your dexterity (-3).
   rPois:     It protects you from poison.
   rCorr:     It protects you from acid and corrosion.
Jewellery
 g - a +6 ring of dexterity (left hand)
 k - a ring of wizardry (right hand)
Wands
 q - a wand of iceblast (10)
Scrolls
 e - 2 scrolls of teleportation
 r - a scroll of magic mapping
 s - a scroll of identify
 t - a scroll of enchant armour
 v - a scroll of holy word {unknown}
Potions
 d - a potion of might
 f - a potion of heal wounds
 h - a potion of invisibility {unknown}
 i - a potion of ambrosia {unknown}
 j - 4 potions of curing {unknown}
 l - a potion of attraction {unknown}
 m - 4 potions of lignification {unknown}
 n - a potion of brilliance {unknown}
 p - a potion of haste {unknown}


   Skills:
 + Level 4.7 Fighting
 + Level 7.4 Axes
 + Level 5.2 Armour
 + Level 1.2 Dodging
 + Level 0.2 Stealth
 + Level 3.9 Shields


You had 6 spell levels left.
You didn't know any spells.
Your spell library contained the following spells:

 Spells                   Type           Power      Damage    Failure   Level
 Sublimation of Blood     Necr           0%         N/A       98%         2
 Wereblood                Tmut           0%         N/A       98%         2
 Ignite Poison            Fire/Tmut/Pois 0%         N/A       99%         3
 Mephitic Cloud           Conj/Pois/Air  0%         N/A       99%         3
 Freezing Cloud           Conj/Ice/Air   0%         6-21      100%        5
 Summon Hydra             Summ           0%         N/A       100%        7


Dungeon Overview and Level Annotations

Branches:
Dungeon (5/15)             Temple (1/1) D:4

Altars:
Ashenzari
Dithmenos
Gozag
Hepliaklqana
Kikubaaqudgha
Qazlal
Ru
Trog
Uskayaw
Yredelemnul
Zin
The Shining One

Annotations:
D:5 1 runed translucent door


Innate Abilities, Weirdness & Mutations

You have supernaturally acute eyesight. (SInv)
You are weak. (Str -2)
You expend magic power (3 MP) to strengthen your wands.


Message History

An ogre comes into view. It is wielding a +0 giant club.
Found a brass wand.
The ogre shouts!
A scorpion comes into view.
A jelly comes into view.
Found an escape hatch in the ceiling.
You hit the ogre.
The ogre is lightly wounded.
You hit the scorpion. The scorpion stings you.
You are poisoned.
The scorpion poisons you! The ogre hits you with a +0 giant club!
The scorpion stings you!
You hit the scorpion but do no damage.
The scorpion is moderately wounded.
You slash the jelly!
Your hands burn!
You hit the ogre.
You feel very sick. The jelly hits you but does no damage.
The scorpion stings you but does no damage.
The ogre barely misses you.
You slash the jelly!
You kill the jelly!
You barely miss the ogre. You hit the scorpion.
You feel very sick. You block the scorpion's attack.
The ogre hits you with a +0 giant club. The scorpion stings you.
You feel sick. The scorpion stings you. The ogre hits you with a +0 giant club!
* * * LOW HITPOINT WARNING * * *
You feel much better.
You feel sick.
The scorpion stings you but does no damage.
You slash the ogre!
The ogre is heavily wounded.
You hit the scorpion.
You feel sick.
The scorpion stings you but does no damage.
The ogre barely misses you. The scorpion closely misses you.
You slash the ogre!
The ogre is almost dead.
You closely miss the scorpion.
You feel sick.
The ogre hits you with a +0 giant club!!
* * * LOW HITPOINT WARNING * * *
The scorpion stings you.
You die...

##+##.# ........
../.....#......##.≈..# ..
....!...#.........≈..# ...
..................≈.# #..[
..................≈.###.##
.<...................##.#.
..................(......>
.................._.......
......$..@s.....÷.........
......##.O................
......#####..#..#.≈.......
#......[.....##.#.≈.###.##
##...#......###.#.≈.######
#..........# #...≈.......
....##...............##.
##. .....###.........### #
.............#.......


You could see an ogre and a scorpion.

Vanquished Creatures
  A scorpion (D:5)
  2 water moccasin skeletons
  2 hounds (D:4)
  A jelly (D:5)
  A bullfrog skeleton (D:4)
  Jessica (D:2)
  3 iguanas
  An orc wizard (D:4)
  Natasha (D:4)
  A hound skeleton (D:5)
  5 adders
  3 worms
  3 dart slugs
  13 orcs
  6 bats
  3 endoplasms
  3 giant cockroaches
  5 goblins
  4 hobgoblins
  2 quokkas
  8 ball pythons
  3 frilled lizards
  4 kobolds
  2 rats
78 creatures vanquished.

Notes
Turn   | Place    | Note
-------+----------+-------------------------------------------
     0 | D:1      | terff the Hill Orc Fighter began the quest for the Orb.
     0 | D:1      | Reached XP level 1. HP: 19/19 MP: 1/1
   491 | D:1      | Reached skill level 3 in Axes
   491 | D:1      | Reached XP level 2. HP: 15/27 MP: 2/2
  1248 | D:2      | Noticed Jessica
  1261 | D:2      | Killed Jessica
  1262 | D:2      | Reached XP level 3. HP: 26/33 MP: 3/3
  1853 | D:2      | Reached skill level 4 in Axes
  1972 | D:2      | Reached XP level 4. HP: 30/40 MP: 4/4
  2155 | D:2      | Found a shadowy altar of Dithmenos.
  2634 | D:3      | Found an opulent altar of Gozag.
  2736 | D:3      | Gained mutation: You are weak. (Str -2) [potion of
                  | mutation]
  2736 | D:3      | Gained mutation: You expend magic power (3 MP) to
                  | strengthen your wands. [potion of mutation]
  2736 | D:3      | Gained mutation: You have supernaturally acute eyesight.
                  | (SInv) [potion of mutation]
  2765 | D:3      | HP: 1/40 [worm (6)]
  3512 | D:4      | Reached XP level 5. HP: 35/46 MP: 5/5
  3524 | D:4      | Reached skill level 5 in Axes
  3535 | D:4      | Reached skill level 1 in Dodging
  3831 | D:4      | Found a staircase to the Ecumenical Temple.
  3832 | D:4      | Identified the +2 robe of a Gauntlet {+Blink rF+ Regen+
                  | Dex-5}
  3848 | Temple   | Entered the Ecumenical Temple
  3964 | D:4      | Noticed Natasha
  3968 | D:4      | Killed Natasha
  4040 | D:4      | Reached XP level 6. HP: 43/53 MP: 6/6
  4426 | D:4      | Reached skill level 6 in Axes
  4561 | D:5      | Entered Level 5 of the Dungeon
  4621 | D:5      | Found a sacrificial altar of Ru.
  4626 | D:5      | Identified the +0 chain mail of Inevitability {rPois rCorr
                  | Int+2 Dex-3}
  4638 | D:5      | Reached skill level 5 in Armour
  4663 | D:5      | Reached skill level 7 in Axes
  4663 | D:5      | Reached XP level 7. HP: 16/60 MP: 7/7
  4935 | D:5      | Found a runed translucent door.
  5115 | D:5      | HP: 1/60 [ogre/+0 giant club (27)]
  5115 | D:5      | Slain by a scorpion

Illustrated notes

Levels and vault maps discovered:
D:1:      dpeg_arrival_radiant, layout_loops_ring,
          chequers_serial_rivers_large_a, minmay_pentomino_w2
D:2:      layout_loops_corners, basic_altar, uniq_jessica
D:3:      layout_basic, mainiacjoe_overflow_small_starburst
D:4:      nicolae_cairo_tiling, layout_basic, serial_park_tiny_pond,
          uniq_natasha
D:5:      layout_cave_pools, mainiacjoe_overflow_boulevard,
          ebering_ghost_sewer_f
Temple:   cyrus_temple_forest

Skill      XL: |  1  2  3  4  5  6 |
---------------+-------------------+-----
Axes           | 3 4 5 7 |  7.4
Armour         | 4 5 |  5.2
Fighting       | 4 |  4.7
Dodging        | 1 |  1.2
Stealth        | |  0.2
Shields        | |  3.9

Action                   |  1- 3 |  4- 6 |  7- 9 || total
-------------------------+-------+-------+-------++-------
Melee: War axe           |    65 |   190 |    22 ||   277
  Use: Scroll            |     3 |     5 |       ||     8
       Potion            |       |     1 |     1 ||     2
Armor: Scale mail        |    35 |    84 |       ||   119
       Chain mail        |       |     7 |    12 ||    19
Dodge: Dodged            |    38 |    97 |     9 ||   144
Block: Buckler           |    16 |    68 |     3 ||    87
